 Dungeon Crawl Stone Soup version 0.28.0-45-g0d030f2227 (webtiles) character file.

Game seed: 18073139222499455236

308 MisterFreud the Ruffian (level 6, 0/56 HPs)
             Began as a Ghoul Gladiator on Mar 29, 2022.
             Was a Priest of Lugonu.
             Slain by a river rat (7 damage)
             ... summoned by Eustachio
             ... on level 4 of the Dungeon.
             The game lasted 00:04:02 (3549 turns).

MisterFreud the Ruffian (Ghoul Gladiator)           Turns: 3549, Time: 00:04:02

Health: 0/56       AC:  4    Str: 18    XL:     6   Next: 40%
Magic:  5/5        EV: 12    Int:  5    God:    Lugonu [***...]
Gold:   132        SH:  0    Dex: 10    Spells: 5/5 levels left

rFire   . . .      SeeInvis .     - Unarmed
rCold   + . .      Faith    .   (no shield)
rNeg    + + +      Spirit   .   a - +0 leather armour
rPois   ∞          Reflect  .   b - +0 helmet
rElec   .          Harm     .   (no cloak)
rCorr   .          Rampage  .   (no gloves)
Will    .....                   (no boots)
Stlth   +.........              (no amulet)
HPRegen 0.00/turn               (no ring)
MPRegen 0.09/turn               (no ring)

@: inhibited regen
A: claws 1, cold resistance 1, negative energy resistance 3, inhibited
regeneration, torment resistance 2
a: Renounce Religion, Depart the Abyss, Bend Space, Banish


You were on level 4 of the Dungeon.
You worshipped Lugonu.
Lugonu was most pleased with you.
You visited 1 branch of the dungeon, and saw 4 of its levels.

You collected 132 gold pieces.

Inventory:

Missiles
 c - 3 throwing nets (quivered)
 p - 15 poisoned darts
Armour
 a - a +0 leather armour (worn)
 b - a +0 helmet (worn)
Jewellery
 j - a ring of fire
Scrolls
 e - a scroll of amnesia {unknown}
 f - 3 scrolls of enchant armour {unknown}
 g - a scroll of holy word {unknown}
 k - a scroll of teleportation {unknown}
 n - a scroll of identify {unknown}
 t - a scroll of torment {unknown}
Potions
 d - 2 potions of attraction {unknown}
 h - a potion of brilliance {unknown}
 i - a potion of ambrosia {unknown}
 l - 3 potions of degeneration {unknown}
 m - a potion of berserk rage {unknown}
 o - 4 potions of curing {unknown}
 q - a potion of might {unknown}
 r - a potion of flight {unknown}
 s - a potion of resistance {unknown}


   Skills:
 - Level 5.0 Fighting
 - Level 1.7 Throwing
 - Level 2.6 Dodging
 + Level 6.1 Unarmed Combat


You had 5 spell levels left.
You didn't know any spells.
Your spell library contained the following spells:

 Spells                   Type           Power      Damage    Failure   Level
 Petrify                  Tmut/Erth      0%         N/A       99%         4
 Irradiate                Conj/Tmut      0%         3d14      100%        5
 Sublimation of Blood     Necr           Unusable   N/A       N/A         2

Dungeon Overview and Level Annotations

Branches:
Dungeon (4/15)
 Temple: D:4-7

Altars:
Lugonu

Annotations:
D:4 Eustachio


Innate Abilities, Weirdness & Mutations

You thrive by killing the living.
You are immune to poison.
You have sharp fingernails.
Your flesh is cold resistant. (rC+)
You are immune to negative energy. (rN+++)
You do not regenerate when monsters are visible.
You are immune to unholy pain and torment.


Message History

Unknown command.
Found a sapphire ring.
The bat closely misses you. The bat hits you. The river rat misses you.
The iron imp hits you!
You closely miss the bat. The bat hits you but does no damage.
The river rat barely misses you.
You claw the iron imp!
The iron imp is severely wounded.
The bat closely misses you. x2; The iron imp hits you!
The river rat closely misses you. The bat barely misses you.
Eustachio casts a spell.
The iron imp hits you but does no damage.
The bat closely misses you. Eustachio barely misses you.
The river rat bites you. The iron imp barely misses you.
You scratch Eustachio but do no damage.
Eustachio is severely wounded.
The bat barely misses you. The bat hits you but does no damage.
The bat misses you. Eustachio hits you with a +0 rapier.
The quokka barely misses you. The river rat barely misses you.
You claw Eustachio!
Eustachio is almost dead.
The bat closely misses you. x2; The bat hits you but does no damage.
Eustachio brags, "I can call spirits from the vasty deep."
Eustachio barely misses you. The iron imp barely misses you.
The quokka bites you. The bat barely misses you.
The river rat bites you but does no damage.
You scratch Eustachio but do no damage.
Eustachio is almost dead.
The bat hits you but does no damage. The bat barely misses you.
The bat hits you.
The quokka bites you but does no damage.
Eustachio hits you with a +0 rapier.
* * * LOW HITPOINT WARNING * * *
The iron imp hits you!
* * * LOW HITPOINT WARNING * * *
You scratch Eustachio.
Eustachio is almost dead.
The bat barely misses you. The bat hits you but does no damage.
The river rat bites you!
You die...

###### ##### #|...############
#.... #.##.!..........# #..(.
#######.##............# #....
#<.......#............# #....
#######.##....5b......#####....
####>..r@@...............
.....).b.r...............
................######.##
.........######## ####..#
=........# #...... ##########
#...#.. #...#.< ###.<.##.
.........


You could see Eustachio, an iron imp (summoned), a river rat (summoned), a
quokka (summoned) and 2 bats.

Vanquished Creatures
  A necrophage (D:4)
  A scorpion (D:4)
  3 gnolls (D:3)
  5 adders
  A worm (D:1)
  5 dart slugs
  2 orcs (D:3)
  5 endoplasms
  9 giant cockroaches
  7 goblins
  5 hobgoblins
  3 jackals
  2 quokkas (D:1)
  3 ball pythons
  2 frilled lizards (D:1)
  8 kobolds
  10 rats
72 creatures vanquished.

Vanquished Creatures (others)
  3 fungi (D:1)
3 creatures vanquished.

Grand Total: 75 creatures vanquished

Notes
Turn   | Place    | Note
-------+----------+-------------------------------------------
     0 | D:1      | MisterFreud the Ghoul Gladiator began the quest for the
                  | Orb.
     0 | D:1      | Reached XP level 1. HP: 17/17 MP: 0/0
     1 | D:1      | Found a runed translucent door.
   127 | D:1      | Found a faded altar of an unknown god.
   166 | D:1      | Reached XP level 2. HP: 25/25 MP: 1/1
   279 | D:1      | Prayed at the altar of an unknown god.
   279 | D:1      | Became a worshipper of Lugonu the Unformed
   279 | D:1      | Reached * piety under Lugonu
   279 | D:1      | Reached ** piety under Lugonu
   714 | D:1      | Reached XP level 3. HP: 16/31 MP: 2/2
   720 | D:1      | Reached skill level 4 in Unarmed Combat
  1058 | D:2      | Reached *** piety under Lugonu
  1089 | D:2      | Identified the +9 whip of Kaosimas {holy, *Noise rC+ Dex+2}
  1340 | D:2      | Reached XP level 4. HP: 38/39 MP: 3/3
  1488 | D:2      | You fall into a shaft and drop 2 floors!
  2849 | D:3      | Reached XP level 5. HP: 46/46 MP: 4/4
  2859 | D:3      | Reached skill level 5 in Unarmed Combat
  3117 | D:4      | Reached skill level 5 in Fighting
  3318 | D:4      | Noticed a necrophage
  3332 | D:4      | Killed a necrophage
  3333 | D:4      | Reached skill level 6 in Unarmed Combat
  3333 | D:4      | Reached XP level 6. HP: 48/56 MP: 5/5
  3523 | D:4      | Noticed Eustachio
  3549 | D:4      | Slain by a river rat

Illustrated notes

Levels and vault maps discovered:
D:1:      dpeg_arrival_caged_fury, layout_basic,
          shapermc_ecumenical_altar_mp_urbaneastern
D:2:      layout_basic
D:3:      layout_basic
D:4:      layout_basic, uniq_eustachio

Skill      XL: |  1  2  3  4  5 |
---------------+----------------+-----
Fighting       | 3 4 5 |  5.0
Unarmed Combat | 4 6 |  6.1
Throwing       | |  1.7
Dodging        | |  2.6

Action                   |  1- 3 |  4- 6 || total
-------------------------+-------+-------++-------
Melee: Unarmed           |   136 |   131 ||   267
       Punch             |     4 |     3 ||     7
Armor: Leather armour    |    30 |    41 ||    71
Dodge: Dodged            |    71 |   110 ||   181
